 Dungeon Crawl Stone Soup version 0.31-a0-692-gf03d1854d5 (webtiles) character file.

Game seed: 12003393007024636269

124 qw the Shooter (level 5, -4/32 HPs)
             Began as a Gargoyle Hunter on Sept 6, 2023.
             Slain by an orc
             ... wielding a +2 heavy flail
              (5 damage)
             ... on level 3 of the Dungeon.
             The game lasted 00:00:49 (1559 turns).

qw the Shooter (Gargoyle Hunter)                    Turns: 1559, Time: 00:00:50

Health: -4/32      AC:  9    Str: 15    XL:     5   Next: 8%
Magic:  5/5        EV: 11    Int:  9    God:
Gold:   113        SH:  0    Dex: 15    Spells: 4/4 levels left

rFire   . . .        Y - +0 shortbow
rCold   . . .        (shield currently unavailable)
rNeg    + . .        d - +0 ring mail
rPois   inf          (no helmet)
rElec   +            (no cloak)
rCorr   .            (no gloves)
SInv    .            (no boots)
Will    .....        (no amulet)
Stlth   +            (no ring)
HPRegen 0.25/turn    (no ring)
MPRegen 0.09/turn

%: no passive effects
@: no status effects
A: sickness immunity, AC +4, negative energy resistance 1, electricity
resistance, torment resistance 1, petrification resistance
a: no special abilities


You were on level 3 of the Dungeon.
You visited 1 branch of the dungeon, and saw 3 of its levels.

You collected 113 gold pieces.


Innate Abilities, Weirdness & Mutations

You are immune to sickness and miasma.
Your stone body is resilient. (AC +4)
You are immune to poison.
You resist negative energy. (rN+)
You are resistant to electric shocks. (rElec)
You are resistant to unholy torment.
You are immune to petrification.


   Skills:
 - Level 3.0 Fighting
 + Level 5.8 Ranged Weapons
 - Level 1.0 Armour
 - Level 1.5 Dodging
 - Level 1.1 Stealth


You had 4 spell levels left.
You didn't know any spells.
Your spell library was empty.

Inventory:

Hand Weapons
 Y - a +0 shortbow (weapon)
Armour
 d - a +0 ring mail (worn)
Jewellery
 c - a ring of flight
Scrolls
 f - 2 scrolls of enchant armour
Potions
 a - a potion of heal wounds {unknown}
 b - 2 potions of haste {unknown}
 e - a potion of degeneration {unknown}
 g - a potion of resistance {unknown}
 i - a potion of curing {unknown}
 k - a potion of attraction {unknown}

Dungeon Overview and Level Annotations

Branches:
Dungeon (3/15)

Altars:


Message History

You shoot an arrow. The arrow barely misses the jackal.
The jackal misses you.
The jackal bites you but does no damage.
The orc hits you with a +2 heavy flail!
The jackal bites you but does no damage.
The jackal barely misses you.
You shoot an arrow. The arrow barely misses the jackal.
The jackal bites you. The jackal closely misses you.
The orc completely misses you. The jackal misses you.
You shoot an arrow. The arrow barely misses the jackal.
The jackal bites you but does no damage.
The jackal completely misses you. The jackal closely misses you.
The orc hits you with a +2 heavy flail! The jackal closely misses you.
You shoot an arrow. The arrow hits the jackal!
You kill the jackal!
The jackal bites you but does no damage.
An orc comes into view. It is wielding a +0 mace.
The jackal closely misses you. The jackal misses you.
The orc hits you with a +2 heavy flail.
You shoot an arrow.
The arrow hits the jackal but does no damage.
The jackal bites you but does no damage. x2
The jackal barely misses you. The jackal bites you.
You shoot an arrow. The arrow hits the jackal.
The jackal is severely wounded.
The orc barely misses you.
The jackal bites you but does no damage.
The jackal bites you. The jackal barely misses you.
You shoot an arrow.
The arrow hits the jackal but does no damage.
The jackal is severely wounded.
The jackal closely misses you.
A kobold comes into view. It is wielding a +0 whip.
The orc hits you with a +2 heavy flail.
The jackal bites you but does no damage.
The jackal closely misses you.
You shoot an arrow. The arrow barely misses the jackal.
The jackal bites you but does no damage.
The jackal closely misses you. The orc hits you with a +2 heavy flail.
You die...

##########.# #..#
#.# ##.# #.# #..
#.# ### #.# . #.#
... #.######....
####'#.h%......
####......@h###'#
#.........o.#
#.########K....#
.o..).# .}....#
.....).# ....####
~~~..#


You could see 2 orcs, 2 jackals and a kobold.

Vanquished Creatures
  3 adders
  3 worms
  2 dart slugs
  An orc (D:3)
  8 ball pythons
  8 bats
  7 endoplasms
  4 giant cockroaches
  5 goblins
  4 hobgoblins
  10 jackals
  4 quokkas
  4 frilled lizards (D:1)
  5 kobolds (D:3)
  3 rats (D:1)
71 creatures vanquished.

Notes
Turn   | Place    | Note
-------+----------+-------------------------------------------
     0 | D:1      | qw the Gargoyle Hunter began the quest for the Orb.
     0 | D:1      | Reached XP level 1. HP: 12/12 MP: 1/1
     0 | D:1      | 0 ||| qw: Version: 0.3-a-76-g4403597
     0 | D:1      | 0 ||| qw: Game counter: 297
     0 | D:1      | 0 ||| qw: Melee chars always use a shield: true
     0 | D:1      | 0 ||| qw: God list: Okawaru
     0 | D:1      | 0 ||| qw: Allow faded altars: false
     0 | D:1      | 0 ||| qw: Do Orc after clearing Dungeon:15 true
     0 | D:1      | 0 ||| qw: Do second Lair branch before Depths: true
     0 | D:1      | 0 ||| qw: Lair rune preference: random
     0 | D:1      | 0 ||| qw: Goals: Normal
     0 | D:1      | 0 ||| PLANNING D:1-11
   120 | D:1      | Reached XP level 2. HP: 17/17 MP: 2/2
   239 | D:1      | Reached XP level 3. HP: 13/21 MP: 3/3
   243 | D:1      | Reached skill level 5 in Ranged Weapons
   522 | D:1      | 522 ||| READING scroll labelled NUM YROLANI.
   523 | D:1      | 523 ||| READING 2 scrolls labelled FIREPS KAENK.
   524 | D:1      | 524 ||| READING scroll labelled PUSOOM EBOERIB.
   525 | D:1      | 525 ||| READING scroll labelled UTOIH UR MEDA.
   526 | D:1      | 526 ||| DROPPING scroll of butterflies.
   673 | D:2      | Reached skill level 3 in Fighting
   684 | D:2      | Found a faded altar of an unknown god.
   856 | D:2      | Reached XP level 4. HP: 28/28 MP: 4/4
  1111 | D:2      | 1111 ||| UPGRADING to +0 ring mail.
  1121 | D:2      | 1121 ||| DROPPING +0 leather armour.
  1122 | D:2      | 1122 ||| READING 2 scrolls labelled KIHUIHOE RING.
  1123 | D:2      | 1123 ||| READING scroll labelled YGAWY DOTHYDD.
  1142 | D:2      | 1142 ||| READING scroll labelled POKHLASSU UCYUW.
  1143 | D:2      | 1143 ||| DROPPING scroll of amnesia.
  1227 | D:3      | 1227 ||| Stepping ~*~*~tactically~*~*~ (outnumbered).
  1329 | D:3      | Reached skill level 1 in Armour
  1514 | D:3      | Reached XP level 5. HP: 32/32 MP: 5/5
  1554 | D:3      | HP: 8/32 [orc/+2 heavy flail (7)]
  1558 | D:3      | HP: 1/32 [orc/+2 heavy flail (4)]
  1559 | D:3      | Slain by an orc

Levels and vault maps discovered:
D:1:      psy_arrival_radial02, layout_basic
D:2:      layout_basic, hellmonk_ecumenical_altar_blasted,
          minmay_shallow_snake_nest
D:3:      layout_basic, kiku_gazebo_pond_becter

Skill      XL: |  1  2  3  4 |
---------------+-------------+-----
Ranged Weapons | 5 |  5.8
Fighting       | 3 |  3.0
Armour         | 1 |  1.0
Dodging        | |  1.5
Stealth        | |  1.1

Action                     |  1- 3 |  4- 6 || total
---------------------------+-------+-------++-------
   Fire: Shortbow          |   114 |    92 ||   206
    Use: Scroll            |     4 |     3 ||     7
 Armour: Leather armour    |    32 |    28 ||    60
         Ring mail         |       |    21 ||    21
  Dodge: Dodged            |    33 |    41 ||    74

Table legend:
 A = Non-vault XP
 B = Vault XP
 C = Vault XP percentage of total XP
 D = Non-vault monster count
 E = Vault monster count
 F = Vault count percentage of total count
                 A         B        C        D         E       F
            +---------+---------+-------+---------+---------+-------
      Total |     155 |      23 |  12.9 |      65 |       6 |   8.5
            +---------+---------+-------+---------+---------+-------
        D:1 |      51 |       0 |   0.0 |      28 |       0 |   0.0
        D:2 |      46 |      23 |  33.3 |      14 |       6 |  30.0
        D:3 |      58 |       0 |   0.0 |      23 |       0 |   0.0
            +---------+---------+-------+---------+---------+-------
